 Dungeon Crawl Stone Soup version 0.30.1 (webtiles) character file.

Game seed: 8998139739084863334

765 cdecastro the Cleaver (level 7, -2/64 HPs)
             Began as a Hill Orc Fighter on July 3, 2023.
             Killed from afar by an orc wizard (5 damage)
             ... with a magic dart
             ... on level 6 of the Dungeon.
             The game lasted 00:08:08 (5582 turns).

cdecastro the Cleaver (Hill Orc Fighter)            Turns: 5582, Time: 00:08:08

Health: -2/64      AC: 10    Str: 21    XL:     7   Next: 81%
Magic:  7/7        EV:  7    Int:  8    God:
Gold:   18         SH:  4    Dex: 10    Spells: 6/6 levels left

rFire   . . .        a - +0 war axe
rCold   . . .        c - +0 buckler
rNeg    . . .        s - +0 chain mail
rPois   +            (no helmet)
rElec   .            (no cloak)
rCorr   .            (no gloves)
SInv    .            j - +0 pair of boots
Will    .....        (no amulet) Stlth
                     o - ring of poison resistance
HPRegen 0.30/turn    (no ring)
MPRegen 0.10/turn

%: no passive effects
@: mighty
A: no striking features
a: no special abilities


You were on level 6 of the Dungeon.
You visited 1 branch of the dungeon, and saw 6 of its levels.

You collected 255 gold pieces.
You spent 237 gold pieces at shops.

Inventory:

Hand Weapons
 a - a +0 war axe (weapon)
 B - a +0 hand axe of flaming
Missiles
 m - 13 poisoned darts (quivered)
 A - 2 throwing nets
 C - 4 boomerangs
Armour
 c - a +0 buckler (worn)
 j - a +0 pair of boots (worn)
 s - a +0 chain mail (worn)
Jewellery
 o - a ring of poison resistance (left hand)
Wands
 b - a wand of iceblast (3)
 G - a wand of digging (6)
 H - a wand of polymorph (2)
Scrolls
 e - 2 scrolls of noise {unknown}
 f - 2 scrolls of teleportation {unknown}
 h - 2 scrolls of enchant weapon {unknown}
 l - 2 scrolls of poison {unknown}
 t - a scroll of enchant armour {unknown}
 u - 2 scrolls of vulnerability {unknown}
 v - 3 scrolls of identify {unknown}
 x - a scroll of brand weapon {unknown}
 y - a scroll of fear {unknown}
 E - a scroll of immolation {unknown}
 F - 3 scrolls of amnesia {unknown}
 I - a scroll of blinking {unknown}
Potions
 g - 2 potions of haste {unknown}
 i - 2 potions of flight {unknown}
 k - a potion of magic {unknown}
 n - a potion of cancellation {unknown}
 p - a potion of mutation {unknown}
 q - a potion of curing {unknown}
 r - a potion of brilliance {unknown}
 w - a potion of invisibility {unknown}
 z - a potion of heal wounds {unknown}
 D - 3 potions of attraction {unknown}


   Skills:
 + Level 6.8 Fighting
 * Level 9.4 Axes
 - Level 3.2 Armour
 - Level 3.2 Shields


You had 6 spell levels left.
You didn't know any spells.
Your spell library contained the following spells:

 Spells                   Type           Power      Damage    Failure   Level
 Freeze                   Ice            0%         1d3       98%         1
 Blink                    Tloc           0%         N/A       99%         2
 Cigotuvi's Dreadful Rot  Necr/Pois/Air  0%         N/A       99%         2
 Frozen Ramparts          Ice            0%         1d1       100%        3
 Hailstorm                Conj/Ice       0%         3d3       100%        3
 Ignite Poison            Fire/Tmut/Pois 0%         N/A       100%        3
 Manifold Assault         Tloc           0%         N/A       100%        4
 Freezing Cloud           Conj/Ice/Air   0%         6-21      100%        5
 Storm Form               Tmut/Air       0%         N/A       100%        7


Dungeon Overview and Level Annotations

Branches:
Dungeon (6/15)
 Temple: D:4-7

Altars:
Fedhas
Ru
Vehumet
Wu Jian
Zin

Shops:
D:1 =   D:3 *

Annotations:
D:2 1 runed translucent door, Crazy Yiuf
D:4 Edmund
D:5 vault need dig


Message History

The orc wizard hits you but does no damage. x2
You slash the orc wizard!
You kill the orc wizard!
You barely miss something.
You hear some strange, mumbled words.
A puff of flame appears from out of thin air!
The puff of flame hits you!
* * * LOW HITPOINT WARNING * * *
You barely miss something.
You hear some strange, mumbled words.
You are confused.
You bump into the rock wall.
Something hits you but does no damage.
You bump into the rock wall.
Something hits you but does no damage.
You bump into the rock wall.
Something hits you but does no damage.
You bump into the rock wall.
Something hits you but does no damage.
You bump into the rock wall.
Something hits you but does no damage.
You hit something.
You hear some strange, mumbled words.
A puff of flame appears from out of thin air!
The puff of flame hits you!
* * * LOW HITPOINT WARNING * * *
You bump into the rock wall.
You feel less confused. Something hits you but does no damage.
You barely miss something. Something hits you but does no damage.
You barely miss something.
You hear some strange, mumbled words.
A magic dart appears from out of thin air!
The magic dart hits you but does no damage.
You miss something. Something hits you.
* * * LOW HITPOINT WARNING * * *
You miss something. Something hits you but does no damage.
You completely miss something. Something hits you but does no damage.
You closely miss something. Something hits you but does no damage.
You barely miss something. Something hits you but does no damage.
You closely miss something.
You hear some strange, mumbled words.
A magic dart appears from out of thin air!
The magic dart hits you.
You die...

##.##.##.#####.
#.##..........
#.########.###
#.########.###
##
#.............
#.#
#..#######..##
## #.###..#
#..#
#.###.....##
#<.#
#.#@####..#
#..# #{##
##.######..#
#o# #.##......#
#.. #.##.###.##
##.# #.##(# #.#
.# #.##.# #.#
o# #.##># #.#
.# ##.##.#
#.### .#
#.....###....


You could see an orc.

Vanquished Creatures
  An orc warrior (D:6)
  A scorpion (D:6)
  2 hounds
  A jelly (D:5)
  An orc priest (D:5)
  2 gnoll boudas (D:5)
  A sleepcap (D:5)
  Terence (D:3)
  3 iguanas (D:4)
  An orc wizard (D:6)
  10 gnolls (D:5)
  8 adders
  A white imp (D:5)
  3 ufetubi
  2 worms
  4 dart slugs
  11 orcs
  9 endoplasms
  2 giant cockroaches
  4 hobgoblins
  4 kobolds
  5 quokkas
  5 ball pythons
  7 bats
  2 frilled lizards (D:3)
  3 goblins
  2 rats
96 creatures vanquished.

Notes
Turn   | Place    | Note
-------+----------+-------------------------------------------
     0 | D:1      | cdecastro the Hill Orc Fighter began the quest for the Orb.
     0 | D:1      | Reached XP level 1. HP: 19/19 MP: 1/1
    56 | D:1      | Found Kiler's Jewellery Shoppe.
   157 | D:1      | Reached skill level 3 in Axes
   241 | D:1      | Reached XP level 2. HP: 25/27 MP: 2/2
   713 | D:2      | Found a blossoming altar of Fedhas.
   871 | D:2      | Reached skill level 4 in Axes
   885 | D:2      | Reached XP level 3. HP: 33/33 MP: 3/3
  1389 | D:2      | Found a runed translucent door.
  1390 | D:2      | Noticed Crazy Yiuf
  1649 | D:3      | Identified the +4 mace of Breach {spect, Contam rPois
                  | Int+3}
  1652 | D:3      | Noticed Terence
  1736 | D:3      | Killed Terence
  1737 | D:3      | Reached skill level 5 in Axes
  1737 | D:3      | Reached XP level 4. HP: 19/41 MP: 4/4
  1981 | D:3      | Found a faded altar of an unknown god.
  2035 | D:3      | Found Ezxax's Assorted Antiques.
  2051 | D:3      | Bought a bubbling cyan potion for 21 gold pieces
  2051 | D:3      | Bought a scroll labelled FEVIPSE SORO for 24 gold pieces
  2427 | D:4      | Reached XP level 5. HP: 28/47 MP: 5/5
  2706 | D:4      | Reached skill level 5 in Fighting
  2706 | D:4      | Reached skill level 6 in Axes
  2927 | D:3      | Found a sacrificial altar of Ru.
  3077 | D:4      | Noticed Edmund
  3425 | D:3      | Bought a forked wooden wand for 96 gold pieces
  3458 | D:5      | Entered Level 5 of the Dungeon
  3512 | D:5      | Reached XP level 6. HP: 56/56 MP: 6/6
  3551 | D:5      | Reached skill level 7 in Axes
  3983 | D:5      | Reached skill level 8 in Axes
  3983 | D:5      | Reached XP level 7. HP: 56/63 MP: 7/7
  4530 | D:5      | Found a radiant altar of Vehumet.
  4556 | D:5      | Found an ornate altar of the Wu Jian Council.
  4792 | D:5      | Found a glowing silver altar of Zin.
  5019 | D:3      | Bought a sharpened lead wand for 96 gold pieces
  5455 | D:6      | Reached skill level 9 in Axes
  5577 | D:6      | HP: 1/64 [something (4)]
  5582 | D:6      | Killed from afar by an orc wizard

Illustrated notes

Levels and vault maps discovered:
D:1:      lightli_arrival_boilingwater, layout_loops_ring, serial_shops, shop
D:2:      layout_basic, basic_altar, uniq_crazy_yiuf_cottage
D:3:      cheibrodos_old_hovel, layout_basic, nicolae_overflow_ecumenical_swirl,
          serial_shops, shop, serial_bayou, serial_bayou_pond_e,
          serial_bayou_shore_a, serial_bayou_lagoon_a, serial_bayou_pond_d,
          solitary_fountain, uniq_terence
D:4:      layout_basic, kennysheep_generic_room_9, uniq_edmund
D:5:      layout_loops_ring, mainiacjoe_overflow_catwalk,
          overflow_temple_1_default, zin_scriptorium
D:6:      layout_loops_ring

Skill      XL: |  1  2  3  4  5  6  7 |
---------------+----------------------+-----
Axes           | 3 4 5 6 8 9 |  9.4
Fighting       | 4 5 6 |  6.8
Armour         | |  3.2
Shields        | |  3.2

Action                     |  1- 3 |  4- 6 |  7- 9 || total
---------------------------+-------+-------+-------++-------
  Melee: War axe           |    79 |   132 |   100 ||   311
  Evoke: Wand              |       |       |     1 ||     1
    Use: Potion            |       |     1 |     1 ||     2
 Armour: Scale mail        |    23 |       |       ||    23
         Chain mail        |       |    60 |    61 ||   121
  Dodge: Dodged            |    32 |    42 |    42 ||   116
  Block: Buckler           |    25 |    19 |    29 ||    73
